Cogmind - Beta 12 @@@ ROGUE MODE // 2023.05.09 @ 12:15:22 Player: Decinym Result: Destroyed by G-67 Veteran with Plasma Rifle Performance ------------- Evolutions (7) 3500 Regions Visited (26) 5200 Robots Destroyed (381) 1905 Value Destroyed (24538) 24538 Prototype IDs (45) 900 Alien Tech Used (0) 0 Bonus (23534) 23534 TOTAL SCORE: 59577 Bonus ------- Triggered Max Security 1000 High Alert Combat Kills 9412 Follower Combat Kills 7136 Entered Garrisons 1600 Used RIF Installer 5000 Network Hubs Disabled 200 Aligned with FarCom 300 A7 Reached Mainframe 300 Scanned by Researcher 500 Friendly Fire -1914 Cogmind --------- Core Integrity 0/1300 Matter 27/300 Energy 85/100 System Corruption 9% Temperature Cool (12) Movement Walking (100) Location -3/Testing Parts ------- > --- POWER (2) -------- (None) > --- PROPULSION (6) --- Enhanced Biometal Leg Enhanced Biometal Leg Enhanced Biometal Leg Enhanced Biometal Leg > --- UTILITY (11) ----- (None) > --- WEAPON (2) ------- Field Lobotomy Kit > --- INVENTORY (5) ---- Combat Linear Gravjet Advanced Shield Generator Improved Remote Datajack Plasma Lance Peak State ------------ > --- POWER ------------ Reinforced Quantum Reactor Reinforced Quantum Reactor > --- PROPULSION ------- Advanced Heavy Treads Centrium Heavy Treads Biometal Heavy Treads > --- UTILITY ---------- Advanced Power Amplifier Experimental Heat Sink Experimental Heat Sink Huge Storage Unit Experimental Targeting Computer Experimental Targeting Computer Experimental Phase Shifter Centrium Medium Armor Plating Experimental EM Disruption Field > --- WEAPON ----------- EMDS > --- INVENTORY -------- Quantum Reactor Centrium Heavy Treads Enhanced Biometal Leg Enhanced Biometal Leg Enhanced Biometal Leg Enhanced Biometal Leg Enhanced Biometal Leg Combat Linear Gravjet Advanced Transmission Jammer Experimental Reaction Control System Experimental Phase Shifter Advanced Shield Generator Relay Coupler [NC] Advanced Variable Charge Gun Compact HERF Cannon EMDS EMDS Heavy Shock Bomb Launcher Improved Remote Datajack Advanced Remote Datajack Field Lobotomy Kit Plasma Lance [Rating: 172] Favorites ----------- Power Reinforced Quantum Reactor Engine Improved Ion Engine Power Core Micro Fission Core Reactor Reinforced Quantum Reactor Propulsion Light Treads Treads Light Treads Leg Biometal Leg Wheel Armored Wheel Utility Huge Storage Unit Device Experimental Heat Sink Storage Huge Storage Unit Processor Experimental Core Analyzer Hackware Relay Coupler [Grunt] Protection Layered Heavy Armor Plating Weapon Enhanced Nova Cannon Energy Gun Wave Gun Energy Cannon Enhanced Nova Cannon Ballistic Gun Improved Assault Rifle Ballistic Cannon Hardcell Cannon Launcher Rocket Launcher Special Weapon Improved Remote Datajack Impact Weapon Mace Piercing Weapon Plasma Lance Build | -11 -10 -10 -10 -9 -8 -8 -8 -8 -8 -8 -7 -7 -6 -6 -6 -6 -5 -5 -4 -4 -4 -4 -4 -4 -3 -3 ------- Run | Jun Mat Min Exi Min Mat Gar Mat Gar Mat Gar Fac Gar Fac Gar Fac Gar Fac Gar Fac Ext Cet Arc Hub Gar Res Tes Slots Evolved 14 | . . . . . 4 . . . . . 2 . 2 . . . 2 . 2 . . . . . 2 . Power 1 | . . . . . . . . . . . . . 1 . . . . . . . . . . . . . Propulsion 4 | . . . . . 1 . . . . . 1 . . . . . 1 . 1 . . . . . . . Utility 9 | . . . . . 3 . . . . . 1 . 1 . . . 1 . 1 . . . . . 2 . Weapon . | . . . . . . . . . . . . . . . . . . . . . . . . . . . Parts Attached 354 | . 11 5 4 4 31 25 29 11 6 7 2 40 4 27 7 24 5 17 3 4 1 1 31 29 6 20 Power 26 | . 2 1 . . 2 1 2 . 1 . . 2 1 3 . 4 . 4 . . . . . 1 . 2 Engine 13 | . 2 1 . . 2 1 2 . 1 . . 2 . 2 . . . . . . . . . . . . Core 1 | . . . . . . . . . . . . . 1 . . . . . . . . . . . . . Reactor 12 | . . . . . . . . . . . . . . 1 . 4 . 4 . . . . . 1 . 2 Propulsion 67 | . 3 . 4 . 10 7 3 3 2 . 1 11 1 3 1 1 2 2 1 . . . 3 3 . 6 Treads 46 | . . . 2 . 7 7 3 3 2 . 1 5 . 3 1 1 1 2 1 . . . 3 3 . 1 Leg 13 | . 1 . . . . . . . . . . 6 . . . . 1 . . . . . . . . 5 Wheel 8 | . 2 . 2 . 3 . . . . . . . 1 . . . . . . . . . . . . . Hover . | . . . . . . . . . . . . . . . . . . . . . . . . . . . Flight . | . . . . . . . . . . . . . . . . . . . . . . . . . . . Utility 119 | . 3 1 . 2 10 5 13 2 2 1 1 8 . 8 4 14 1 4 1 4 1 1 15 14 3 1 Device 44 | . 1 1 . 2 3 . 5 . . . 1 3 . 1 1 2 1 1 1 3 . 1 9 7 . 1 Storage 5 | . 2 . . . 1 . . . . . . . . . 1 . . . . . . . 1 . . . Processor 5 | . . . . . . . 3 . . . . . . . . . . . . . . . 2 . . . Hackware 34 | . . . . . . 1 2 . . . . 3 . 3 1 10 . 3 . 1 . . 1 6 3 . Protection 31 | . . . . . 6 4 3 2 2 1 . 2 . 4 1 2 . . . . 1 . 2 1 . . Artifact . | . . . . . . . . . . . . . . . . . . . . . . . . . . . Weapon 142 | . 3 3 . 2 9 12 11 6 1 6 . 19 2 13 2 5 2 7 1 . . . 13 11 3 11 Energy Gun 20 | . 2 1 . 1 . . 2 . . 1 . 6 1 4 . . . . . . . . 2 . . . Energy Cannon 28 | . . . . . . . . . 1 1 . 2 . 3 . . . . 1 . . . 5 8 1 6 Ballistic Gun 33 | . 1 2 . 1 7 7 6 3 . . . 2 . . 2 1 . 1 . . . . . . . . Ballistic Cannon 2 | . . . . . . . . . . 2 . . . . . . . . . . . . . . . . Launcher 23 | . . . . . 2 . 1 . . 2 . 4 1 4 . 1 1 . . . . . 3 1 . 3 Special Weapon 23 | . . . . . . 1 1 . . . . 3 . 1 . 3 1 4 . . . . 3 2 2 2 Impact Weapon 10 | . . . . . . 4 1 3 . . . 2 . . . . . . . . . . . . . . Slashing Weapon . | . . . . . . . . . . . . . . . . . . . . . . . . . . . Piercing Weapon 3 | . . . . . . . . . . . . . . 1 . . . 2 . . . . . . . . Special Melee Weapon . | . . . . . . . . . . . . . . . . . . . . . . . . . . . Unidentified Prototypes 21 | . . . . 1 2 . 3 . 1 . . . . 3 2 . . . . . 1 . 6 . . 2 Corrupted Parts 2 | . . . . . . . . . . . . . . 2 . . . . . . . . . . . . System Corruption 20 | . . . . . . . . . . . . . . 20 . . . . . . . . . . . . Parts Lost 63 | . . 3 . . 5 1 1 2 1 . . 10 . 6 1 1 . . . 1 . . 13 2 1 15 Power 9 | . . 1 . . . . . . . . . 2 . 2 . . . . . . . . . 1 . 3 Propulsion 13 | . . . . . . . . . . . . 5 . 1 . . . . . . . . 3 . . 4 Utility 26 | . . 1 . . 5 1 1 2 1 . . 1 . 2 . 1 . . . 1 . . 6 . 1 3 Weapon 15 | . . 1 . . . . . . . . . 2 . 1 1 . . . . . . . 4 1 . 5 Highest Loss Streak 12 | . . 1 . . 2 1 1 1 1 . . 3 . 2 1 1 . . . 1 . . 7 1 1 12 To Critical Strikes 1 | . . . . . . . . . . . . . . . . . . . . . . . . 1 . . Average Slot Usage (%) 87 | . 95 99 73 92 91 100 98 100 99 95 86 91 80 75 79 77 81 82 78 76 82 84 81 83 79 64 Engine 5 | . 14 13 14 14 9 9 9 9 9 9 7 6 6 7 6 4 . . . . . . . . . . Reactor 3 | . . . . . . . . . . . . . . . 6 7 11 11 10 10 10 10 10 10 9 6 Treads 16 | . . . 10 . 16 27 27 27 26 27 30 16 6 11 13 13 12 17 15 15 15 15 15 14 14 9 Leg 1 | . 8 . . . . . . . . . . 13 7 1 . . 2 . . . . . . . . 4 Wheel 3 | . 19 28 16 28 9 . . . . . . . 5 1 . . . . . . . . . . . . Device 9 | . 10 13 14 14 15 9 10 9 9 9 9 7 6 . . 1 5 1 10 10 15 15 15 24 19 16 Storage 7 | . 14 14 14 14 9 9 9 9 9 9 7 7 6 6 6 6 5 5 5 5 5 5 5 5 4 2 Processor 3 | . . . . . . . 6 9 9 9 7 7 6 6 6 5 . . . . . . 2 8 4 2 Hackware 9 | . . . . . . 6 9 9 4 . . 6 6 6 8 15 23 27 21 21 21 21 16 4 18 13 Protection 8 | . . . . . 14 20 9 9 13 14 7 6 6 16 17 6 5 5 5 3 3 5 4 3 . . Energy Gun 3 | . 10 11 1 10 3 . 6 . . 5 7 10 12 3 . . . . . . . . 2 . . . Energy Cannon 2 | . . . . . . . . . 4 2 . 1 . 2 . . . . 3 5 5 5 4 8 5 4 Ballistic Gun 6 | . 17 16 1 10 13 12 10 17 13 . . . . . 2 7 5 7 . . . . . . . . Special Weapon 1 | . . . . . . . . . . . . . . 4 4 4 4 2 5 5 5 5 2 . 2 . Naked Turns 33 | . . . . . . . . . . . . . . . . . . . . . . . . . . 33 Heaviest Build 184 | 11 90 90 90 91 101 101 100 96 105 122 127 127 125 140 138 143 138 170 184 184 172 172 179 179 172 172 Greatest Support 235 | 20 24 24 40 24 60 60 84 84 68 68 90 99 71 135 145 145 175 190 235 235 235 235 235 230 225 225 Greatest Overweight (x) 57 | . 3 3 3 3 8 1 1 1 2 1 1 3 4 4 1 . . . . . . 57 . . . 3 Average Overweight (x) . | . 2 3 2 3 1 1 1 1 1 1 1 1 3 . . . . . . . . 13 . . . . Largest Inventory Capacity 25 | . 25 25 25 25 25 25 25 25 25 25 25 25 25 25 25 25 25 25 25 25 25 25 25 25 25 25 Average Capacity 24 | . 21 25 25 25 25 25 25 25 25 25 25 25 25 25 25 25 25 25 25 25 25 25 25 25 25 19 Most Carried 25 | . 24 25 25 22 25 25 25 25 25 25 24 25 25 25 25 25 24 25 25 23 25 25 25 25 24 23 Average Carried 23 | . 17 24 23 20 24 24 24 24 24 24 24 23 24 23 24 24 23 24 22 22 23 24 22 24 23 17 Final Capacity 25 | 8 25 25 25 25 25 25 25 25 25 25 25 25 25 25 25 25 25 25 25 25 25 25 25 25 25 5 Final Carried 25 | 6 24 24 22 21 25 25 25 24 25 25 24 25 25 25 25 24 24 25 23 21 25 25 25 25 23 4 Class Distribution -------------------- 38% | Scavenger-Mutant 27% | Botlord-Mutant 14% | Bothacker-Mutant 9% | Commander-Mutant 8% | Mutant Dominant Class ---------------- Mutant | -10/Materials Mutant | -10/Mines Mutant | -10/Exiles Mutant | -9/Mines Scavenger-Mutant | -8/Materials Scavenger-Mutant | -8/Garrison Scavenger-Mutant | -8/Materials Scavenger-Mutant | -8/Garrison Scavenger-Mutant | -8/Materials Scavenger-Mutant | -8/Garrison Scavenger-Mutant | -7/Factory Bothacker-Mutant | -7/Garrison Bothacker-Mutant | -6/Factory Bothacker-Mutant | -6/Garrison Botlord-Mutant | -6/Factory Botlord-Mutant | -6/Garrison Botlord-Mutant | -5/Factory Botlord-Mutant | -5/Garrison Botlord-Mutant | -4/Factory Commander-Mutant | -4/Extension Commander-Mutant | -4/Cetus Commander-Mutant | -4/Archives Botlord-Mutant | -4/Hub_04(d) Botlord-Mutant | -4/Garrison Botlord-Mutant | -3/Research Botlord-Mutant | -3/Testing Resources | -11 -10 -10 -10 -9 -8 -8 -8 -8 -8 -8 -7 -7 -6 -6 -6 -6 -5 -5 -4 -4 -4 -4 -4 -4 -3 -3 ----------- Run | Jun Mat Min Exi Min Mat Gar Mat Gar Mat Gar Fac Gar Fac Gar Fac Gar Fac Gar Fac Ext Cet Arc Hub Gar Res Tes Matter Collected 8292 | 200 359 175 . 113 667 619 483 266 264 279 . 877 31 611 262 647 . 378 56 150 44 17 568 675 139 412 Remotely 20 | . . . . . . . 20 . . . . . . . . . . . . . . . . . . . Salvage Created 16173 | . 777 265 . 169 1367 468 577 403 505 468 . 1298 298 1083 33 266 206 424 53 274 56 . 2358 2343 85 2397 Parts 781 | . 38 21 . 13 84 30 28 29 18 35 . 56 23 43 3 8 5 13 6 16 4 . 118 101 3 86 Haulers Intercepted 7 | . 2 . . . 3 . 1 . . . . . . . . . . . . . . . 1 . . . Recyclers Shooed 10 | . 2 . . . . . 4 . 1 . . . . . . . . . . . . . 1 . 2 . Parts Field Recycled . | . . . . . . . . . . . . . . . . . . . . . . . . . . . Retrieved Matter . | . . . . . . . . . . . . . . . . . . . . . . . . . . . Parts Self-Destructed . | . . . . . . . . . . . . . . . . . . . . . . . . . . . Prevented . | . . . . . . . . . . . . . . . . . . . . . . . . . . . Kills | -11 -10 -10 -10 -9 -8 -8 -8 -8 -8 -8 -7 -7 -6 -6 -6 -6 -5 -5 -4 -4 -4 -4 -4 -4 -3 -3 ------- Run | Jun Mat Min Exi Min Mat Gar Mat Gar Mat Gar Fac Gar Fac Gar Fac Gar Fac Gar Fac Ext Cet Arc Hub Gar Res Tes Combat Hostiles Destroyed 320 | . 11 7 . 6 28 11 9 10 9 19 . 39 3 28 . 7 3 2 1 3 1 . 24 31 1 67 Melee 3 | . . . . . . . . . . . . . . 1 . 1 . 1 . . . . . . . . Guns 108 | . 11 7 . 6 22 11 1 10 7 1 . 14 1 6 . 3 . 1 . . . . 7 . . . Cannons 45 | . . . . . . . . . 2 5 . 3 . 1 . . . . 1 1 1 . 3 21 1 6 AOE 142 | . . . . . 6 . 8 . . 13 . 22 2 16 . 3 2 . . . . . 8 2 . 60 Classes Destroyed 24 | . 6 2 . . 6 . . . . . . 3 . 1 . 1 . . . 1 . . 2 . . 2 Worker 16 | . 1 . . . 1 . 4 . . . . . 2 . . . . . . . . . 8 . . . Builder 10 | . . . . . 1 . . . 1 . . . . . . . . . . 2 . . 6 . . . Tunneler 4 | . . 2 . 1 . . . . . . . . 1 . . . . . . . . . . . . . Hauler 7 | . 2 . . . 3 . 1 . . . . . . . . . . . . . . . 1 . . . Recycler 8 | . 2 . . . 1 . 3 . 1 . . . . . . . . . . . . . 1 . . . Mechanic 6 | . . . . . 1 . . . . . . . 1 . . . . . . . . . . . . 4 Operator 5 | . 1 . . . . . 1 . . . . . . . . . . . . . . . 3 . . . Watcher 4 | . 1 . . . . . . . . 1 . . . . 1 . . . . . . . 1 . . . Swarmer 67 | . . 3 . 4 8 2 . 3 . 8 . 19 1 13 . . . . . . . . . 6 . . Cutter 3 | . . . . . . . . . . . . 3 . . . . . . . . . . . . . . Saboteur 9 | . . . . . . . . . . . . . . . . 1 . . . . . . . 4 . 4 Grunt 122 | . 11 4 . 2 11 3 7 4 8 5 . 7 2 4 . 4 3 . . 1 . . 10 4 . 32 Brawler 11 | . . . . . 2 1 . . . . . 1 . 4 . . . . . . . . . . . 3 Duelist 12 | . . . . . 2 . 1 . . . . . . . . 2 . . . . . . . . . 7 Protector 11 | . . . . . . . . . . . . . . . . . . . . . . . 2 . . 9 Sentry 24 | . . . . . 4 4 1 2 1 2 . 2 . . . . . 1 . 1 . . 2 4 . . Specialist 7 | . . . . . . . . . . . . 1 . 4 . . . . . . . . . 1 1 . Hunter 16 | . . . . . 1 1 . 1 . 4 . 3 . 1 . . . . . . . . 1 2 . 2 Programmer 24 | . . . . . . . . . . . . 3 . . . . . 1 1 . 1 . 2 7 . 9 Heavy 1 | . . . . . . . . . . . . . . . . . . . . . . . 1 . . . Behemoth 4 | . . . . . . . . . . . . . . . . . . . . 1 . . . 3 . . Lightning 6 | . . . . . . . . . . . . . . . . . . . . . . . 6 . . . Investigator 1 | . . . . . . . . . . . . . . . . . . . . . . . . . . 1 Striker 2 | . . . . . . . . . . . . . . 2 . . . . . . . . . . . . Executioner 2 | . . . . . . . . . . . . . . . . . . . . . . . . . . 2 Best Kill Streak 29 | . 3 3 . 3 9 2 9 3 3 13 . 12 6 8 1 4 3 1 1 2 1 . 12 6 1 29 Combat Bots Only 28 | . 2 3 . 3 7 2 6 3 3 13 . 12 2 8 . 4 3 1 1 1 1 . 7 6 1 28 Max Kills in Single Turn 12 | . 1 2 . 1 5 1 3 1 1 3 . 4 3 3 1 3 1 1 1 1 1 . 12 1 1 6 Gunslinging 1 | . . 1 . . . . . . . . . . . . . . . . . . . . . . . . Exploded 6 | . . . . . 3 . 2 . . 3 . 4 1 3 . 3 1 . . . . . 2 1 . 6 Melee 1 | . . . . . . . . . . . . . . 1 . 1 . 1 . . . . . . . . Uniques/NPCs Destroyed . | . . . . . . . . . . . . . . . . . . . . . . . . . . . Combat | -11 -10 -10 -10 -9 -8 -8 -8 -8 -8 -8 -7 -7 -6 -6 -6 -6 -5 -5 -4 -4 -4 -4 -4 -4 -3 -3 -------- Run | Jun Mat Min Exi Min Mat Gar Mat Gar Mat Gar Fac Gar Fac Gar Fac Gar Fac Gar Fac Ext Cet Arc Hub Gar Res Tes Damage Taken 25415 | . 528 331 . 47 1610 999 669 716 466 551 . 2935 131 1985 136 1045 113 454 96 547 15 22 5847 1594 96 4482 Core 3349 | . 82 47 . 25 291 54 8 101 13 46 . 277 . 246 . 27 19 68 . 58 . . 614 68 . 1305 Absorbed by Shields 2952 | . . . . . . . . . . . . 17 . 240 . 43 . 52 34 197 6 8 332 341 100 1582 Reduced by Siege Mode 462 | . . . . . . . . . . . . . . . . . . . . . . . 417 45 . . Redirected to Shielding 4 | . . . . . 1 3 . . . . . . . . . . . . . . . . . . . . Regen/Repaired (Parts) 192 | . . . . . . . . . 192 . . . . . . . . . . . . . . . . . Core Remaining (%) 56 | 100 . . . 38 . . . . . 6 . 60 . . . 67 . 91 . . . . . 35 . . Volleys Fired 977 | . 68 27 . 8 86 56 31 26 43 23 1 115 7 63 10 35 3 36 5 36 4 5 136 94 13 46 Largest 2 | . 2 2 . 2 2 2 2 2 2 2 1 2 2 2 2 2 1 2 1 1 1 1 2 2 2 2 Hottest 240 | . 70 85 . 85 88 50 100 46 98 140 65 162 162 162 56 56 46 56 120 120 120 120 233 240 240 240 Shots Fired 1538 | . 137 54 . 16 167 92 45 52 83 37 1 195 10 79 15 50 3 45 5 36 4 5 174 158 18 57 Gun 949 | . 137 54 . 16 162 85 34 52 73 4 . 147 6 37 10 39 . 22 . . . . 71 . . . Cannon 347 | . . . . . . . . . 10 24 1 22 . 17 . . . . 4 19 2 4 60 147 10 27 Launcher 109 | . . . . . 5 . 7 . . 9 . 22 4 14 . 1 3 . . . . . 12 4 . 28 Special 133 | . . . . . . 7 4 . . . . 4 . 11 5 10 . 23 1 17 2 1 31 7 8 2 Kinetic 609 | . 84 38 . 8 130 85 22 52 73 14 1 31 . . 10 39 . 22 . . . . . . . . Thermal 657 | . 53 16 . 8 32 7 . . 10 14 . 138 6 41 . . . 8 4 19 2 4 127 132 10 26 Explosive 84 | . . . . . 5 . 7 . . 9 . 22 . 5 . 1 . . . . . . 7 . . 28 Electromagnetic 87 | . . . . . . . 12 . . . . . 4 22 . . 3 . . . . . 26 19 . 1 Robot Hit Streak 44 | . 12 13 . 5 16 19 16 8 13 6 . 25 6 8 7 9 11 17 22 28 2 3 44 35 9 11 Robot Miss Streak 8 | . 4 2 . 1 3 8 3 3 2 2 . 5 1 3 1 1 1 2 . 2 1 1 3 2 1 2 Penetration Max 1 | . . . . . . . . . . . . . . . . . . . . . . . . . . 1 Secondary Targets 13 | . 2 2 . 1 3 . . 3 1 . . . 1 . . . . . . . . . . . . . Max Gunslinging Chain 1 | . 1 1 . 1 1 . . 1 1 . . . 1 . . . . . . . . . . . . . Shots Hit Robots 1064 | . 88 40 . 10 121 60 32 38 63 18 . 124 6 45 12 30 2 40 5 25 2 3 133 115 15 37 Core Hits 829 | . 39 16 . 9 64 27 34 19 26 31 . 72 14 42 3 12 3 12 1 4 1 . 90 59 2 249 Critical Kills 10 | . . . . . 1 1 . . 1 . . . . . . . . . . 2 . . 1 3 . 1 Critical Parts Destroyed 1 | . . . . . . . . . 1 . . . . . . . . . . . . . . . . . Critical Strikes 29 | . 3 2 . . 1 1 . . 2 1 . 3 . 2 . . . 4 . 2 . . 2 5 . 1 Burn 10 | . 3 2 . . . . . . . 1 . 3 . 1 . . . . . . . . . . . . Meltdown 7 | . . . . . . . . . . . . . . . . . . . . 2 . . 1 3 . 1 Destroy 4 | . . . . . 1 1 . . 2 . . . . . . . . . . . . . . . . . Corrupt 3 | . . . . . . . . . . . . . . 1 . . . . . . . . . 2 . . Sever 3 | . . . . . . . . . . . . . . . . . . 2 . . . . 1 . . . Impale 2 | . . . . . . . . . . . . . . . . . . 2 . . . . . . . . Melee Attacks 57 | . . . . . . 31 4 3 . . . 8 . . 1 . . 10 . . . . . . . . Impact 46 | . . . . . . 31 4 3 . . . 8 . . . . . . . . . . . . . . Slashing . | . . . . . . . . . . . . . . . . . . . . . . . . . . . Piercing 11 | . . . . . . . . . . . . . . . 1 . . 10 . . . . . . . . Sneak Attacks 1 | . . . . . . . 1 . . . . . . . . . . . . . . . . . . . Combat Hostiles . | . . . . . . . . . . . . . . . . . . . . . . . . . . . Follow-up Attacks . | . . . . . . . . . . . . . . . . . . . . . . . . . . . Damage Inflicted 52745 | . 1059 479 . 140 2238 1010 1490 571 1041 1280 . 4490 647 3061 192 970 278 1018 185 510 50 123 7497 5493 414 18509 Guns 11725 | . 1054 479 . 140 1837 968 445 571 907 56 . 2243 96 506 164 430 . 262 . . . . 1567 . . . Cannons 10112 | . . . . . . . . . 100 452 . 354 . 421 . . . . 185 468 50 123 1826 4903 389 841 Explosions 29463 | . . . . . 401 . 935 . . 772 . 1893 551 2100 . 531 278 . . . . . 3749 585 . 17668 Melee 719 | . . . . . . . 76 . . . . . . . 28 . . 615 . . . . . . . . Ramming 314 | . 5 . . . . . 34 . 34 . . . . 34 . 9 . 7 . 42 . . 119 5 25 . Kinetic 6677 | . 584 321 . 76 1484 968 226 571 907 277 . 407 . . 164 430 . 262 . . . . . . . . Thermal 14594 | . 470 158 . 64 353 42 269 . 100 231 . 2190 175 638 . . . 134 185 468 50 123 3291 4510 389 754 Explosive 24771 | . . . . . 401 . 666 . . 772 . 1893 . 1475 . 531 . . . . . . 1365 . . 17668 Electromagnetic 5670 | . . . . . . . 219 . . . . . 472 914 . . 278 . . . . . 2722 978 . 87 Impact 76 | . . . . . . . 76 . . . . . . . . . . . . . . . . . . . Slashing . | . . . . . . . . . . . . . . . . . . . . . . . . . . . Piercing 643 | . . . . . . . . . . . . . . . 28 . . 615 . . . . . . . . Highest Corruption 29 | . 5 5 5 5 . . . . . . . 8 . 24 24 24 . 1 . . . . 28 29 2 9 Average Corruption 12 | . 4 5 5 5 . . . . . . . 2 . 2 24 24 . 1 . . . . 22 28 1 4 Corruption Purged . | . . . . . . . . . . . . . . . . . . . . . . . . . . . Corruption Blocked . | . . . . . . . . . . . . . . . . . . . . . . . . . . . Effects 360 | . 12 30 8 3 . . . . . . . 30 . 22 25 92 . 5 . . . . 31 92 1 9 Message Errors 86 | . 3 10 2 . . . . . . . . 10 . 5 7 23 . 3 . . . . 6 17 . . Matter Fused 87 | . 4 8 2 . . . . . . . . 4 . 4 9 19 . . . . . . 9 24 1 3 Heat Flow Errors 46 | . 2 3 1 1 . . . . . . . 3 . 3 4 13 . 1 . . . . 2 12 . 1 Energy Discharges 44 | . 1 4 1 . . . . . . . . 6 . 3 2 10 . . . . . . 3 14 . . Parts Rejected 4 | . . . . . . . . . . . . 1 . . . 1 . . . . . . . 2 . . Parts Fused 2 | . . . . . . . . . . . . . . 1 . . . . . . . . . 1 . . Data Loss (minor) 36 | . . 2 1 1 . . . . . . . 2 . 3 . 14 . 1 . . . . 2 6 . 4 Data Loss (major) 18 | . 1 . 1 . . . . . . . . 1 . 2 2 5 . . . . . . 1 4 . 1 Misfires 11 | . 1 1 . . . . . . . . . 2 . . . 1 . . . . . . 2 4 . . Alerts 9 | . . 1 . 1 . . . . . . . . . 1 . 2 . . . . . . 2 2 . . Misdirections 4 | . . . . . . . . . . . . . . . 1 3 . . . . . . . . . . Weapon Failures 13 | . . 1 . . . . . . . . . 1 . . . 1 . . . . . . 4 6 . . Overload Shots . | . . . . . . . . . . . . . . . . . . . . . . . . . . . Overflow Damage 1380 | . . . . . 17 . 18 . . 28 . 33 . 46 . . 9 . . 35 . . 372 113 . 709 Projectiles 213 | . . . . . . . . . . . . . . . . . . . . 35 . . . 113 . 65 Explosions 1154 | . . . . . 17 . 18 . . 28 . 33 . 33 . . 9 . . . . . 372 . . 644 Melee 13 | . . . . . . . . . . . . . . 13 . . . . . . . . . . . . Knockbacks 3 | . . . . . . . . . . 1 . 1 . 1 . . . . . . . . . . . . Impact 1 | . . . . . . . . . . . . . . 1 . . . . . . . . . . . . Kinetic 2 | . . . . . . . . . . 1 . 1 . . . . . . . . . . . . . . Secondary . | . . . . . . . . . . . . . . . . . . . . . . . . . . . Self-Inflicted Damage 1290 | . 2 . . . 34 . 68 . . . . 180 . 456 . 64 . . . . . . 217 . . 269 Shots 37 | . . . . . 1 . 3 . . . . 5 . 12 . 1 . . . . . . 7 . . 8 Rammed 22 | . 1 . . . . . 4 . 3 . . . . . . 1 . 1 . 1 . . 7 1 3 . Targets Rammed 25 | . 1 . . . . . 4 . 4 . . . . 1 . 1 . 1 . 2 . . 7 1 3 . Kicked . | . . . . . . . . . . . . . . . . . . . . . . . . . . . Crushed 3 | . . . . . . . . . 1 . . . . 1 . . . . . 1 . . . . . . Highest Temperature 564 | . 225 227 145 259 122 . 9 . 5 72 . 403 220 564 295 308 . 211 156 208 36 144 363 298 63 210 Average Temperature 91 | . 43 58 77 81 62 . 5 . 5 18 . 132 103 90 66 121 . 106 68 61 22 80 112 65 30 47 Received Heat Transfer 4470 | . 273 117 . 18 522 288 270 261 297 72 . 378 75 126 54 144 57 42 18 79 . 6 736 158 . 479 Effects 29 | . . . . 1 . . . . . . . 7 . 11 2 3 . . . . . . 4 1 . . Shutdowns 7 | . . . . . . . . . . . . 3 . 4 . . . . . . . . . . . . Energy Bleed 5 | . . . . . . . . . . . . 1 . . . 1 . . . . . . 2 1 . . Interference 12 | . . . . 1 . . . . . . . 2 . 3 2 2 . . . . . . 2 . . . Matter Decay 2 | . . . . . . . . . . . . 1 . 1 . . . . . . . . . . . . Damage (major) 3 | . . . . . . . . . . . . . . 3 . . . . . . . . . . . . Siege Activations 7 | . . . . . . . . . . . . . . 1 . . . . . 1 . . 3 2 . . Total Turns 230 | . . . . . . . . . . . . . . 2 . . . . . 9 . . 203 16 . . Longest Duration 96 | . . . . . . . . . . . . . . 2 . . . . . 9 . . 96 10 . . Robots Corrupted 14 | . . . . . . . . . . . . . . 4 . . 1 . . . . . 6 3 . . Combat Hostiles 13 | . . . . . . . . . . . . . . 4 . . 1 . . . . . 5 3 . . Parts Fried 42 | . . . . . . . 1 . . . . . 2 7 . . 2 . . . . . 23 7 . . Impact Corruptions 1 | . . . . . . . . . . . . . . 1 . . . . . . . . . . . . Robots Melted 10 | . . . . . . . . . . . . . . . . . . . . 2 . . 1 6 . 1 Combat Hostiles 9 | . . . . . . . . . . . . . . . . . . . . 2 . . 1 5 . 1 Parts Melted 53 | . 3 1 . . 3 . . . . . . 18 . 3 . . . 1 . 2 . . 7 11 2 2 Heat Transferred 17733 | . 1580 592 . 148 851 36 300 . 148 444 . 3375 298 1025 . . . 296 148 407 37 111 3307 3687 333 610 Parts Sabotaged 4 | . . . . . . . . . . . . . . . . 3 . . . . . . . . . 1 Parts Stolen . | . . . . . . . . . . . . . . . . . . . . . . . . . . . Parts Stripped . | . . . . . . . . . . . . . . . . . . . . . . . . . . . Power Chain Reactions 9 | . . . . . . . 4 . . . . . 1 1 . . . . . . . . 2 1 . . Missiles Intercepted . | . . . . . . . . . . . . . . . . . . . . . . . . . . . Alert | -11 -10 -10 -10 -9 -8 -8 -8 -8 -8 -8 -7 -7 -6 -6 -6 -6 -5 -5 -4 -4 -4 -4 -4 -4 -3 -3 ------- Run | Jun Mat Min Exi Min Mat Gar Mat Gar Mat Gar Fac Gar Fac Gar Fac Gar Fac Gar Fac Ext Cet Arc Hub Gar Res Tes Peak Influence 3321 | . 247 115 . 175 517 2041 1373 914 696 827 435 2088 1545 1879 1014 1925 1135 1418 744 381 395 163 1270 2018 1134 3321 Initial 1134 | . . 28 . . 68 247 994 362 445 328 434 304 1096 941 986 482 1010 654 744 242 113 158 . 782 1134 467 Average 881 | . 113 29 . 65 383 1124 1005 659 569 674 434 1198 1291 1509 898 1301 1005 1097 691 158 255 53 664 1354 886 2376 Maximum Alert Level 5 | . 1 . . . 2 5 4 3 2 3 2 5 4 5 3 5 4 4 3 1 1 . 4 5 4 5 Low Security (%) 17 | . 83 100 . 100 3 . . . . . . . . . . . . . . 65 40 100 35 . . . Level 1 7 | . 16 . . . 45 9 2 3 . 9 . 13 . . . . . . . 34 59 . 7 . . . Level 2 15 | . . . . . 50 14 12 56 100 22 100 4 . . 24 3 . 5 74 . . . 8 . . . Level 3 22 | . . . . . . 27 52 40 . 67 . 16 7 12 75 44 97 23 25 . . . . 19 83 . Level 4 22 | . . . . . . 20 32 . . . . 44 92 32 . 12 2 70 . . . . 48 54 16 . Level 5 13 | . . . . . . 28 . . . . . 20 . 55 . 39 . . . . . . . 26 . . High Security . | . . . . . . . . . . . . . . . . . . . . . . . . . . . Max Security 1 | . . . . . . . . . . . . . . . . . . . . . . . . . . 99 Squads Dispatched 56 | . 3 . . . 5 . 4 . 1 . . . 3 . 3 . . . 2 1 . . 13 . 1 20 Investigation 6 | . 1 . . . 1 . 2 . . . . . . . . . . . 1 . . . 1 . . . Extermination 3 | . . . . . . . . . . . . . 2 . . . . . . . . . 1 . . . Reinforcement 15 | . 2 . . . 1 . 2 . 1 . . . . . 1 . . . . 1 . . 6 . 1 . Assault 24 | . . . . . . . . . . . . . 1 . 1 . . . 1 . . . 1 . . 20 Garrison 8 | . . . . . 3 . . . . . . . . . 1 . . . . . . . 4 . . . Intercept . | . . . . . . . . . . . . . . . . . . . . . . . . . . . Searches Triggered . | . . . . . . . . . . . . . . . . . . . . . . . . . . . Construction Impeded 1 | . . . . . . . . . . . . . . . . . . . . . . . 1 . . . Haulers Reinforced . | . . . . . . . . . . . . . . . . . . . . . . . . . . . Active Scanning Responses . | . . . . . . . . . . . . . . . . . . . . . . . . . . . Cargo Convoy Interrupts . | . . . . . . . . . . . . . . . . . . . . . . . . . . . Alert ID Control Effect 74 | . . . . . . . . . . . . . . 8 3 18 3 13 . 4 1 4 3 8 5 4 Stealth | -11 -10 -10 -10 -9 -8 -8 -8 -8 -8 -8 -7 -7 -6 -6 -6 -6 -5 -5 -4 -4 -4 -4 -4 -4 -3 -3 --------- Run | Jun Mat Min Exi Min Mat Gar Mat Gar Mat Gar Fac Gar Fac Gar Fac Gar Fac Gar Fac Ext Cet Arc Hub Gar Res Tes Distress Signals 20 | . 1 . . . 7 . 2 . 2 . . . . 2 . 1 . . . 1 1 . 3 . . . Communications Jammed 205 | . . . . . . . . . . . . . . . 1 . 1 . 1 13 57 3 18 . 28 83 Distress Signals 202 | . . . . . . . . . . . . . . . 1 . . . 1 13 57 3 16 . 28 83 Times Spotted 639 | . 20 7 . 7 42 34 27 16 18 13 . 45 10 44 10 51 6 35 4 26 11 5 44 44 8 112 Peak Tracking Total 25 | . 3 3 . 4 7 4 7 3 5 5 . 8 4 9 4 11 4 9 2 5 5 3 8 5 1 25 Tactical Retreats 12 | . . . . 1 . 1 . . . . . 1 . 1 . 1 . 1 . . . . 1 3 . 2 Traps | -11 -10 -10 -10 -9 -8 -8 -8 -8 -8 -8 -7 -7 -6 -6 -6 -6 -5 -5 -4 -4 -4 -4 -4 -4 -3 -3 ------- Run | Jun Mat Min Exi Min Mat Gar Mat Gar Mat Gar Fac Gar Fac Gar Fac Gar Fac Gar Fac Ext Cet Arc Hub Gar Res Tes Traps Triggered 52 | . 5 . . . 1 15 1 6 . 1 . 7 1 5 . 2 . 1 . . . . 2 5 . . Indirectly 2 | . . . . . . . . . . . . . . . . . . . . . . . 2 . . . Trap Hack Attempts . | . . . . . . . . . . . . . . . . . . . . . . . . . . . Triggered . | . . . . . . . . . . . . . . . . . . . . . . . . . . . Disarmed . | . . . . . . . . . . . . . . . . . . . . . . . . . . . Reprogrammed . | . . . . . . . . . . . . . . . . . . . . . . . . . . . Reused . | . . . . . . . . . . . . . . . . . . . . . . . . . . . Traps Extracted . | . . . . . . . . . . . . . . . . . . . . . . . . . . . Installed . | . . . . . . . . . . . . . . . . . . . . . . . . . . . Triggered . | . . . . . . . . . . . . . . . . . . . . . . . . . . . Exploded 1 | . . . 1 . . . . . . . . . . . . . . . . . . . . . . . Machines | -11 -10 -10 -10 -9 -8 -8 -8 -8 -8 -8 -7 -7 -6 -6 -6 -6 -5 -5 -4 -4 -4 -4 -4 -4 -3 -3 ---------- Run | Jun Mat Min Exi Min Mat Gar Mat Gar Mat Gar Fac Gar Fac Gar Fac Gar Fac Gar Fac Ext Cet Arc Hub Gar Res Tes Machines Disabled 94 | . . . . . 1 10 4 1 1 1 . 8 11 2 4 10 . 7 . 6 5 2 16 4 . 1 Max in Single Turn 7 | . . . . . 1 1 1 1 . 1 . 1 . 1 . 1 . 1 . 1 1 . 7 1 . 1 Garrison Access 1 | . . . . . . . . . . . . . . . . . . . . . . . 1 . . . Garrison Relay 37 | . . . . . . 9 . 1 . . . 6 . 2 . 9 . 5 . . . . . 5 . . Phase Generator 1 | . . . . . . . . . . . . . . . . 1 . . . . . . . . . . Network Hub 1 | . . . . . . . . . . . . . . . . . . . . . . . 1 . . . Machines Repaired . | . . . . . . . . . . . . . . . . . . . . . . . . . . . Machines Sabotaged . | . . . . . . . . . . . . . . . . . . . . . . . . . . . Overloaded Fab Kills . | . . . . . . . . . . . . . . . . . . . . . . . . . . . Hacking | -11 -10 -10 -10 -9 -8 -8 -8 -8 -8 -8 -7 -7 -6 -6 -6 -6 -5 -5 -4 -4 -4 -4 -4 -4 -3 -3 --------- Run | Jun Mat Min Exi Min Mat Gar Mat Gar Mat Gar Fac Gar Fac Gar Fac Gar Fac Gar Fac Ext Cet Arc Hub Gar Res Tes Machines Accessed 56 | . 2 . 2 1 3 4 4 3 3 2 1 1 3 2 2 3 2 1 4 4 . . 4 3 2 . Terminals 41 | . 2 . . . 1 4 3 3 1 2 . 1 1 2 1 3 1 1 3 4 . . 3 3 2 . Fabricators 2 | . . . . . . . . . . . . . 1 . . . . . 1 . . . . . . . Repair Stations 2 | . . . . . 1 . . . 1 . . . . . . . . . . . . . . . . . Recycling Units . | . . . . . . . . . . . . . . . . . . . . . . . . . . . Scanalyzers . | . . . . . . . . . . . . . . . . . . . . . . . . . . . Garrison Access 8 | . . . . . 1 . 1 . 1 . 1 . 1 . 1 . 1 . . . . . 1 . . . Total Hacks 103 | . 4 . 2 1 6 6 14 6 6 5 1 2 5 2 4 4 2 5 5 9 . . 7 3 4 . Successful 40 | . 2 . 2 1 2 3 5 2 4 3 1 . 1 2 2 1 1 . 1 2 . . 4 1 . . Failed 63 | . 2 . . . 4 3 9 4 2 2 . 2 4 . 2 3 1 5 4 7 . . 3 2 4 . Catastrophic 21 | . 1 . . . . . 2 . . 2 . 1 1 . 1 2 1 2 2 2 . . . 2 2 . Database Lockouts . | . . . . . . . . . . . . . . . . . . . . . . . . . . . Manual 37 | . 2 . 1 . . . 13 1 2 2 . . 3 . 3 . . . . 5 . . 5 . . . Terminals 85 | . 4 . . . 3 6 13 6 3 5 . 2 3 2 3 4 1 5 3 9 . . 6 3 4 . Fabricators 3 | . . . . . . . . . . . . . 1 . . . . . 2 . . . . . . . Repair Stations 3 | . . . . . 1 . . . 2 . . . . . . . . . . . . . . . . . Recycling Units . | . . . . . . . . . . . . . . . . . . . . . . . . . . . Scanalyzers . | . . . . . . . . . . . . . . . . . . . . . . . . . . . Garrison Access 9 | . . . . . 2 . 1 . 1 . 1 . 1 . 1 . 1 . . . . . 1 . . . Terminal Hacks 26 | . 2 . 2 1 1 3 3 2 . 2 . . . 2 1 1 . . 1 2 . . 2 1 . . Record 1 | . . . 1 . . . . . . . . . . . . . . . . . . . . . . . Open Door 6 | . . . . 1 . 2 . . . . . . . 1 . 1 . . 1 . . . . . . . Branch Access Points 1 | . 1 . . . . . . . . . . . . . . . . . . . . . . . . . Emergency Access Points 5 | . . . . . . 1 . 1 . 1 . . . 1 . . . . . . . . . 1 . . Unreport Threat 7 | . . . . . 1 . 3 . . . . . . . 1 . . . . 2 . . . . . . Recall Investigation 1 | . . . . . . . . . . . . . . . . . . . . . . . 1 . . . Zone Layout 2 | . 1 . . . . . . . . . . . . . . . . . . . . . 1 . . . Garrison Registry 1 | . . . . . . . . 1 . . . . . . . . . . . . . . . . . . Patrol Navigation 1 | . . . . . . . . . . 1 . . . . . . . . . . . . . . . . EX-Prototype ID Bank 1 | . . . 1 . . . . . . . . . . . . . . . . . . . . . . . Fabricator Hacks . | . . . . . . . . . . . . . . . . . . . . . . . . . . . Repair Station Hacks 2 | . . . . . . . . . 2 . . . . . . . . . . . . . . . . . Scan Component 1 | . . . . . . . . . 1 . . . . . . . . . . . . . . . . . Repair 1 | . . . . . . . . . 1 . . . . . . . . . . . . . . . . . Recycling Unit Hacks . | . . . . . . . . . . . . . . . . . . . . . . . . . . . Scanalyzer . | . . . . . . . . . . . . . . . . . . . . . . . . . . . Garrison Access Hacks 8 | . . . . . 1 . 1 . 1 . 1 . 1 . 1 . 1 . . . . . 1 . . . Unlock Access 8 | . . . . . 1 . 1 . 1 . 1 . 1 . 1 . 1 . . . . . 1 . . . Unauthorized Hacks 4 | . . . . . . . 1 . 1 1 . . . . . . . . . . . . 1 . . . Terminals 4 | . . . . . . . 1 . 1 1 . . . . . . . . . . . . 1 . . . Botnet 4 | . . . . . . . 1 . 1 1 . . . . . . . . . . . . 1 . . . Fabricators . | . . . . . . . . . . . . . . . . . . . . . . . . . . . Repair Stations . | . . . . . . . . . . . . . . . . . . . . . . . . . . . Recycling Units . | . . . . . . . . . . . . . . . . . . . . . . . . . . . Scanalyzers . | . . . . . . . . . . . . . . . . . . . . . . . . . . . Garrison Access . | . . . . . . . . . . . . . . . . . . . . . . . . . . . Data Cores Recovered 2 | . . . . . . . . . . . . . . . . . . . . . . . . . 2 . Used 2 | . . . . . . . . . . . . . . . . . . . . . . . . . 2 . Hacking Detections 43 | . 2 . . . 3 2 4 2 2 2 . 1 3 1 1 2 2 1 3 4 . . 3 3 2 . Full Trace Events 8 | . 1 . . . . . 1 1 . . . 1 . . . 1 . 1 1 . . . 1 . . . Feedback Events . | . . . . . . . . . . . . . . . . . . . . . . . . . . . Feedback Blocked . | . . . . . . . . . . . . . . . . . . . . . . . . . . . Robot Schematics Acquired . | . . . . . . . . . . . . . . . . . . . . . . . . . . . Robots Built . | . . . . . . . . . . . . . . . . . . . . . . . . . . . Authchips . | . . . . . . . . . . . . . . . . . . . . . . . . . . . Time . | . . . . . . . . . . . . . . . . . . . . . . . . . . . Total Robot Build Rating . | . . . . . . . . . . . . . . . . . . . . . . . . . . . Part Schematics Acquired . | . . . . . . . . . . . . . . . . . . . . . . . . . . . Parts Built . | . . . . . . . . . . . . . . . . . . . . . . . . . . . Authchips . | . . . . . . . . . . . . . . . . . . . . . . . . . . . Time . | . . . . . . . . . . . . . . . . . . . . . . . . . . . Total Part Build Rating . | . . . . . . . . . . . . . . . . . . . . . . . . . . . Parts Repaired 1 | . . . . . . . . . 1 . . . . . . . . . . . . . . . . . Time 38 | . . . . . . . . . 38 . . . . . . . . . . . . . . . . . Parts Recycled . | . . . . . . . . . . . . . . . . . . . . . . . . . . . Recycled Matter . | . . . . . . . . . . . . . . . . . . . . . . . . . . . Retrieved Matter . | . . . . . . . . . . . . . . . . . . . . . . . . . . . Retrieved Components . | . . . . . . . . . . . . . . . . . . . . . . . . . . . Parts Scanalyzed . | . . . . . . . . . . . . . . . . . . . . . . . . . . . Part Schematics Acquired . | . . . . . . . . . . . . . . . . . . . . . . . . . . . Parts Damaged . | . . . . . . . . . . . . . . . . . . . . . . . . . . . Bothacking | -11 -10 -10 -10 -9 -8 -8 -8 -8 -8 -8 -7 -7 -6 -6 -6 -6 -5 -5 -4 -4 -4 -4 -4 -4 -3 -3 ------------ Run | Jun Mat Min Exi Min Mat Gar Mat Gar Mat Gar Fac Gar Fac Gar Fac Gar Fac Gar Fac Ext Cet Arc Hub Gar Res Tes Used RIF Installer 10 | . . . . . . 1 . 2 . 1 . 2 . 1 . 1 . 1 . . . . . 1 . . Coupler Efficiency 1 | . . . . . . . . 1 . . . . . . . . . . . . . . . . . . Code Merge 1 | . . . . . . . . . . . . . . . . 1 . . . . . . . . . . Command Fork 2 | . . . . . . . . . . . . . . . . . . 1 . . . . . 1 . . Signal Jammer 1 | . . . . . . . . . . . . . . 1 . . . . . . . . . . . . Robot Detection 1 | . . . . . . . . 1 . . . . . . . . . . . . . . . . . . Alert ID Control 1 | . . . . . . . . . . . . 1 . . . . . . . . . . . . . . Structural Interface 1 | . . . . . . . . . . . . 1 . . . . . . . . . . . . . . Autoassimilate 1 | . . . . . . . . . . 1 . . . . . . . . . . . . . . . . Robots Hacked 79 | . . . . . . . 1 . . . . 4 . 10 1 13 . 13 1 15 1 1 8 6 4 1 Non-combat 8 | . . . . . . . 1 . . . . . . . 1 . . . 1 2 . 1 1 . 1 . Combat 71 | . . . . . . . . . . . . 4 . 10 . 13 . 13 . 13 1 . 7 6 3 1 Autoassimilated 12 | . . . . . . . . . . . . . . 2 . 4 . 3 . 2 . . . . . 1 Robot Hacks Applied 77 | . . . . . . . 4 . . . . 4 . 8 4 9 . 10 1 14 1 1 9 6 6 . parse_system 6 | . . . . . . . . . . . . . . . . 2 . . . 2 1 . 1 . . . purge_threat 9 | . . . . . . . 4 . . . . . . . 3 . . . . . . . . . 2 . map_route 1 | . . . . . . . . . . . . . . . . . . . . . . . 1 . . . find_shortcuts 1 | . . . . . . . . . . . . . . . . . . . . . . . 1 . . . overload_power 2 | . . . . . . . . . . . . . . 2 . . . . . . . . . . . . disable_weapons 1 | . . . . . . . . . . . . 1 . . . . . . . . . . . . . . reboot_system 1 | . . . . . . . . . . . . . . . . . . . . 1 . . . . . . overwrite_iff 1 | . . . . . . . . . . . . 1 . . . . . . . . . . . . . . formatsys_low 4 | . . . . . . . . . . . . . . . 1 . . . . 2 . 1 . . . . formatsys_high 51 | . . . . . . . . . . . . 2 . 6 . 7 . 10 1 9 . . 6 6 4 . Relay Couplers Released 146 | . . . . . . 34 . 4 . . . 22 . 9 . 35 . 21 . . . . 3 18 . . Machine Destruction 146 | . . . . . . 34 . 4 . . . 22 . 9 . 35 . 21 . . . . 3 18 . . Attached 32 | . . . . . . . 2 . . . . 3 . 3 1 10 . 3 . 1 . . 1 6 2 . Merged Code Value 303 | . . . . . . . . . . . . . . . . 90 . 159 . . . . . 54 . . Fabnet Peak Effective % . | . . . . . . . . . . . . . . . . . . . . . . . . . . . Robots Rewired 27 | . . . . . . 3 . . . . . . . 4 . 7 . . . 13 . . . . . . Allies Hacked 4 | . . . . . . . . . . . . . . . . . . 1 1 . 1 . 1 . . . Hacks Repelled . | . . . . . . . . . . . . . . . . . . . . . . . . . . . Allies | -11 -10 -10 -10 -9 -8 -8 -8 -8 -8 -8 -7 -7 -6 -6 -6 -6 -5 -5 -4 -4 -4 -4 -4 -4 -3 -3 -------- Run | Jun Mat Min Exi Min Mat Gar Mat Gar Mat Gar Fac Gar Fac Gar Fac Gar Fac Gar Fac Ext Cet Arc Hub Gar Res Tes Total Allies 132 | . . . . . . 6 . 2 . . . 3 . 16 1 22 . 20 1 36 . 2 7 9 5 2 Largest Group 31 | . . . . . . 4 2 2 1 . . 1 1 11 9 14 8 15 15 31 30 22 19 4 5 4 Highest-Rated Group 1404 | . . . . . . 191 161 70 39 . . 85 85 533 419 503 334 680 680 1404 1374 995 775 141 268 268 Highest-Rated Ally 159 | . . . . . . 146 146 39 39 . . 85 85 95 95 95 80 95 95 159 159 159 137 47 137 137 Total Orders 8 | . . . . . . . . . . . . 2 . 1 . . . 2 1 . 1 1 . . . . STAY 4 | . . . . . . . . . . . . 1 . 1 . . . 1 1 . . . . . . . FOLLOW 2 | . . . . . . . . . . . . 1 . . . . . 1 . . . . . . . . PICKUP 1 | . . . . . . . . . . . . . . . . . . . . . 1 . . . . . COLLECT 1 | . . . . . . . . . . . . . . . . . . . . . . 1 . . . . Ally Attacks 968 | . . . . . . 65 28 32 18 . . 24 5 82 30 136 17 93 15 93 61 41 102 64 27 35 Total Damage 31283 | . . . . . . 1807 1352 534 164 . . 1047 611 1745 1067 5750 600 3191 650 3100 1822 1323 3164 1322 776 1258 Kills 229 | . . . . . . 25 17 7 4 . . 5 7 13 15 41 6 23 3 16 10 4 14 8 5 6 Allies Corrupted 1 | . . . . . . . . . . . . . . . . . . 1 . . . . . . . . Allies Melted 3 | . . . . . . . . . . . . . . . . 1 . . . 1 . . 1 . . . Field Lobotomies 1 | . . . . . . . . . . . . . . . . . . . . . . . . . . 1 Intel | -11 -10 -10 -10 -9 -8 -8 -8 -8 -8 -8 -7 -7 -6 -6 -6 -6 -5 -5 -4 -4 -4 -4 -4 -4 -3 -3 ------- Run | Jun Mat Min Exi Min Mat Gar Mat Gar Mat Gar Fac Gar Fac Gar Fac Gar Fac Gar Fac Ext Cet Arc Hub Gar Res Tes Robot Analysis Total . | . . . . . . . . . . . . . . . . . . . . . . . . . . . Derelict Logs Recovered 1 | . . 1 . . . . . . . . . . . . . . . . . . . . . . . . Drone Launches 3 | . . . . . . . . . . . . . . . . . . . . . . . 3 . . . Drone Recoveries . | . . . . . . . . . . . . . . . . . . . . . . . . . . . Exploration | -11 -10 -10 -10 -9 -8 -8 -8 -8 -8 -8 -7 -7 -6 -6 -6 -6 -5 -5 -4 -4 -4 -4 -4 -4 -3 -3 ------------- Run | Jun Mat Min Exi Min Mat Gar Mat Gar Mat Gar Fac Gar Fac Gar Fac Gar Fac Gar Fac Ext Cet Arc Hub Gar Res Tes Turns Passed 25003 | . 919 1172 397 172 916 2329 1063 1317 1012 885 125 2335 501 1492 479 1893 429 1207 410 1443 177 619 1238 1831 247 395 Spaces Moved 11174 | 1 460 804 221 99 291 839 372 487 340 329 50 864 289 630 225 1028 243 645 238 762 101 61 533 930 129 203 Core 99 | . . . . . . . . . . . . . . . . . . . . . . 14 . . . 85 Treads 8562 | . . . 47 . 182 839 372 487 340 329 50 400 . 527 225 1028 243 645 238 762 101 47 533 930 129 108 Legs 605 | 1 103 . . . . . . . . . . 464 27 . . . . . . . . . . . . 10 Wheels 1908 | . 357 804 174 99 109 . . . . . . . 262 103 . . . . . . . . . . . . Hover . | . . . . . . . . . . . . . . . . . . . . . . . . . . . Flight . | . . . . . . . . . . . . . . . . . . . . . . . . . . . Fastest Speed 50 | 120 120 135 135 135 120 240 240 240 243 246 241 180 160 160 162 162 161 160 155 155 155 155 150 150 160 50 Average Speed 184 | 120 145 135 174 135 197 240 240 245 246 246 241 213 162 186 187 162 161 161 155 155 155 785 153 157 160 116 Slowest Speed 2900 | 120 190 135 320 135 240 240 240 246 325 246 241 400 183 270 260 162 162 166 155 155 155 2900 155 160 160 240 Overloaded Moves . | . . . . . . . . . . . . . . . . . . . . . . . . . . . Propulsion Burnouts . | . . . . . . . . . . . . . . . . . . . . . . . . . . . Robots Hopped . | . . . . . . . . . . . . . . . . . . . . . . . . . . . Cave-ins Triggered . | . . . . . . . . . . . . . . . . . . . . . . . . . . . Exploration Rate (%) 49 | 2 76 98 59 28 26 89 31 54 34 39 1 79 10 96 10 94 6 98 9 80 64 70 56 93 7 21 Regions Visited 26 Branch Regions 8 Pre-discovered Areas 1 | . . . 1 . . . . . . . . . . . . . . . . . . . . . . . Known Exits Taken 9 | . 1 . . . 1 . 1 . 1 . 1 . 1 . 1 . 1 . . . . . 1 . . . Unknown Exits Taken 9 | 1 . 1 1 1 . . . . . . . . . . . . . . 1 1 1 1 . . 1 . Scrap Searched 1 | . . 1 . . . . . . . . . . . . . . . . . . . . . . . . Spaces Dug 79 | . . . . . . 5 3 . 3 . 1 4 . . . . . . . . . . 35 . . 28 Terrain Destroyed 932 | . . . . . 41 5 45 . 6 27 1 56 2 142 . 34 . . . 2 . . 288 16 1 266 Melee 12 | . . . . . . 5 3 . . . . 4 . . . . . . . . . . . . . . Projectile 51 | . . . . . . . . . 6 4 1 2 . 1 . 2 . . . 2 . . 12 12 1 8 AOE 869 | . . . . . 41 . 42 . . 23 . 50 2 141 . 32 . . . . . . 276 4 . 258 Terrain Rammed . | . . . . . . . . . . . . . . . . . . . . . . . . . . . Walls Destroyed . | . . . . . . . . . . . . . . . . . . . . . . . . . . . Machines Disabled . | . . . . . . . . . . . . . . . . . . . . . . . . . . . Actions | -11 -10 -10 -10 -9 -8 -8 -8 -8 -8 -8 -7 -7 -6 -6 -6 -6 -5 -5 -4 -4 -4 -4 -4 -4 -3 -3 --------- Run | Jun Mat Min Exi Min Mat Gar Mat Gar Mat Gar Fac Gar Fac Gar Fac Gar Fac Gar Fac Ext Cet Arc Hub Gar Res Tes Total 13947 | . 579 839 236 121 471 1006 495 549 426 367 53 1154 312 884 271 1215 275 753 275 999 119 197 761 1138 156 296 Wait 712 | . 5 . . 9 4 3 18 5 25 2 . 91 . 99 18 24 23 19 27 88 11 128 38 51 6 18 Move 11152 | . 459 803 220 98 291 837 371 486 340 328 50 863 289 629 225 1027 242 644 237 761 100 60 532 929 128 203 Hop . | . . . . . . . . . . . . . . . . . . . . . . . . . . . Pick Up 156 | . 23 2 4 . 27 3 12 5 4 1 . 14 1 14 1 10 1 8 1 . 3 1 9 11 . 1 Fast Attach 126 | . 4 3 . 2 17 3 11 1 3 1 1 8 1 7 5 16 2 8 . 1 1 . 10 10 1 10 Attach 84 | . 3 2 2 2 8 1 2 3 2 . 1 12 1 7 1 4 1 2 2 2 . . 9 9 2 6 Detach 20 | . 1 . . 1 1 . . . . . . 1 1 3 3 2 . 1 . . . . 1 4 . 1 Swap 145 | . 4 . 2 . 6 21 16 7 1 6 . 20 2 13 2 4 2 7 1 1 . 1 12 10 3 4 Drop 201 | . 11 2 8 1 31 15 26 5 4 4 . 7 2 14 5 19 1 17 1 1 . 2 7 16 . 2 Fire 977 | . 68 27 . 8 86 56 31 26 43 23 1 115 7 63 10 35 3 36 5 36 4 5 136 94 13 46 Melee 57 | . . . . . . 31 4 3 . . . 8 . . 1 . . 10 . . . . . . . . Ram 2 | . 1 . . . . . . . . . . . . . . 1 . . . . . . . . . . Kick . | . . . . . . . . . . . . . . . . . . . . . . . . . . . Crush 24 | . . . . . . . 4 . 4 . . . . 1 . 1 . 1 . 2 . . 7 1 3 . Escape Stasis 70 | . . . . . . 18 . 8 . 2 . 15 8 12 . . . . . . . . . 2 . 5 Rewire 221 | . . . . . . 18 . . . . . . . 22 . 72 . . 1 107 . . . 1 . . Trap . | . . . . . . . . . . . . . . . . . . . . . . . . . . . Miscellaneous . | . . . . . . . . . . . . . . . . . . . . . . . . . . . Route ------- -11/Junkyard -10/Materials (discovered 3 exits: [*Mat x2] / *Min) -10/Mines (discovered 3 exits: [*Mat x2] / *Exi) -10/Exiles -9/Mines -8/Materials -8/Garrison (discovered 2 exits: *Mat x2) -8/Materials -8/Garrison (discovered 4 exits: *Fac x3 / *Mat) -8/Materials -8/Garrison -7/Factory -7/Garrison (discovered 2 exits: *Fac x2) -6/Factory -6/Garrison (discovered 3 exits: *Fac x3) -6/Factory (discovered 2 exits: *Fac / Gar) -6/Garrison (discovered 3 exits: *Fac x3) -5/Factory -5/Garrison (discovered 2 exits: *Fac x2) -4/Factory (discovered 2 exits: *Res / *Ext) -4/Extension (discovered 2 exits: *Res / [*Cet]) -4/Cetus -4/Archives -4/Hub_04(d) (discovered 3 exits: *Res x2 / Gar) -4/Garrison (discovered 3 exits: *Res x3) -3/Research -3/Testing History --------- Turn | Location | Event 1 | -11/Junkyard | Discovered new exit (range 0) 1 | -11/Junkyard | Entered Materials 62 | -10/Materials | Discovered new exit (range 13) 62 | -10/Materials | Identified exit to Mines 254 | -10/Materials | Discovered new exit (range 10) 318 | -10/Materials | Build established: Mutant 637 | -10/Materials | Discovered new exit (range 15) 920 | -10/Materials | Entered Mines 1019 | -10/Mines | Discovered new exit (range 8) 1236 | -10/Mines | Received a Rocket Launcher from a helpful Derelict 1318 | -10/Mines | Deemed a non-threat by the Exiles lab entrance 1565 | -10/Mines | Learned Materials garrison access intel 1678 | -10/Mines | Core integrity fell below 50% 1895 | -10/Mines | Discovered new exit (range 7) 1987 | -10/Mines | Build established: Scavenger-Mutant 2087 | -10/Mines | Discovered new exit (range 5) 2092 | -10/Mines | Entered Exiles 2129 | -10/Exiles | Met 8R-AWN 2148 | -10/Exiles | Met EX-HEX 2189 | -10/Exiles | Met EX-BIN 2208 | -10/Exiles | Aligned with FarCom system 2209 | -10/Exiles | Given EX-Vault access code 2243 | -10/Exiles | Opened EX-Vault 2262 | -10/Exiles | Found Field Lobotomy Kit 2270 | -10/Exiles | Found Longsword +1 2344 | -10/Exiles | Warned to stay clear of 0b10 Research branches 2371 | -10/Exiles | Exiles lab attacked by MAIN.C 2436 | -10/Exiles | Learned location of Zion (-7) 2474 | -10/Exiles | Discovered new exit (range 14) 2489 | -10/Exiles | Left Exiles lab with Field Lobotomy Kit 2489 | -10/Exiles | Entered Mines 2501 | -9/Mines | Assembled infested the area 2506 | -9/Mines | Assisted by a Guerilla fighting off Assembled 2577 | -9/Mines | Found the Drone Emporium 2582 | -9/Mines | Found Prototype Device 2582 | -9/Mines | Identified Thief Drone Bay 2628 | -9/Mines | Discovered new exit (range 13) 2661 | -9/Mines | Entered Materials 2661 | -8/Materials | Evolved 4 slots: Propulsion x1, Utility x3 2662 | -8/Materials | Loaded intel: 1 garrison access location 2706 | -8/Materials | Build established: Mutant 3081 | -8/Materials | Build established: Scavenger-Mutant 3142 | -8/Materials | Garrison activated, responded to threat 3193 | -8/Materials | Destroyed 7 combat bots 3446 | -8/Materials | Garrison activated, responded to threat 3503 | -8/Materials | Core integrity fell below 50% 3577 | -8/Materials | Identified exit to Garrison 3577 | -8/Materials | Entered Garrison 3738 | -8/Garrison | Triggered checkpoint 3795 | -8/Garrison | Garrison Relay disabled 3845 | -8/Garrison | Rescued a captive Derelict 3847 | -8/Garrison | Rescued a captive Derelict 4107 | -8/Garrison | Discovered new exit (range 12) 4132 | -8/Garrison | Triggered checkpoint 4171 | -8/Garrison | Garrison Relay disabled 4294 | -8/Garrison | Rescued HV-R5K 4430 | -8/Garrison | Triggered checkpoint 4612 | -8/Garrison | Discovered new exit (range 12) 4618 | -8/Garrison | Triggered checkpoint 4658 | -8/Garrison | Triggered checkpoint 4685 | -8/Garrison | Garrison Relay disabled 4934 | -8/Garrison | Triggered checkpoint 4938 | -8/Garrison | Garrison Relay disabled 5026 | -8/Garrison | Triggered checkpoint 5161 | -8/Garrison | Garrison Relay disabled 5170 | -8/Garrison | Triggered checkpoint 5219 | -8/Garrison | Garrison Relay disabled 5227 | -8/Garrison | Garrison Relay disabled 5244 | -8/Garrison | Garrison Relay disabled 5247 | -8/Garrison | Garrison Relay disabled 5843 | -8/Garrison | Installed Relay Interface Framework 5906 | -8/Garrison | Entered Materials 5906 | -8/Materials | Accompanied by 2 allies (HV-R5K) 6654 | -8/Materials | Identified exit to Garrison 6729 | -8/Materials | Found Prototype Processor 6729 | -8/Materials | Identified Exp. Core Analyzer 6969 | -8/Materials | Entered Garrison 6992 | -8/Garrison | Triggered checkpoint 7074 | -8/Garrison | Discovered new exit (range 5) 7240 | -8/Garrison | Triggered checkpoint 7303 | -8/Garrison | Discovered new exit (range 76) 7303 | -8/Garrison | Discovered new exit (range 74) 7303 | -8/Garrison | Discovered new exit (range 45) 7303 | -8/Garrison | Discovered new exit (range 19) 7322 | -8/Garrison | Garrison Relay disabled 7416 | -8/Garrison | Triggered checkpoint 7592 | -8/Garrison | Rescued a captive Derelict 7596 | -8/Garrison | Rescued a captive Derelict 7664 | -8/Garrison | Triggered checkpoint 7687 | -8/Garrison | Expanded RIF knowledge: Coupler Efficiency 7886 | -8/Garrison | Triggered checkpoint 7978 | -8/Garrison | Triggered checkpoint 7993 | -8/Garrison | Core integrity fell below 20% 8020 | -8/Garrison | Expanded RIF knowledge: Robot Detection 8286 | -8/Garrison | Entered Materials 8286 | -8/Materials | Accompanied by 1 ally 8966 | -8/Materials | Repaired Arm. Treads 9298 | -8/Materials | Identified exit to Garrison 9298 | -8/Materials | Entered Garrison 9532 | -8/Garrison | Triggered checkpoint 9556 | -8/Garrison | Triggered checkpoint 9577 | -8/Garrison | Triggered checkpoint 9583 | -8/Garrison | Triggered checkpoint 9606 | -8/Garrison | Destroyed 13 combat bots 9705 | -8/Garrison | Discovered new exit (range 14) 9920 | -8/Garrison | Triggered checkpoint 10003 | -8/Garrison | Expanded RIF knowledge: Autoassimilate 10183 | -8/Garrison | Entered Factory 10183 | -7/Factory | Evolved 2 slots: Propulsion x1, Utility x1 10308 | -7/Factory | Identified exit to Garrison 10308 | -7/Factory | Entered Garrison 10440 | -7/Garrison | Triggered checkpoint 10500 | -7/Garrison | Garrison Relay disabled 10612 | -7/Garrison | Triggered checkpoint 10692 | -7/Garrison | Destroyed 12 combat bots 10801 | -7/Garrison | Build established: Bothacker-Mutant 10812 | -7/Garrison | Triggered checkpoint 10965 | -7/Garrison | Discovered new exit (range 13) 11072 | -7/Garrison | Triggered checkpoint 11088 | -7/Garrison | Garrison Relay disabled 11113 | -7/Garrison | Garrison Relay disabled 11204 | -7/Garrison | Lost 3 parts (1n1u1w) 11767 | -7/Garrison | Expanded RIF knowledge: Structural Interface 11830 | -7/Garrison | Garrison Relay disabled 11920 | -7/Garrison | Triggered checkpoint 12007 | -7/Garrison | Spotted B-75 Beast 12008 | -7/Garrison | Assimilated Beast 4a with formatsys_high 12029 | -7/Garrison | Spotted B-75 Beast 12046 | -7/Garrison | Allies destroyed B-75 Beast 12160 | -7/Garrison | Triggered checkpoint 12189 | -7/Garrison | Garrison Relay disabled 12287 | -7/Garrison | Garrison Relay disabled 12494 | -7/Garrison | Expanded RIF knowledge: Alert ID Control 12613 | -7/Garrison | Discovered new exit (range 15) 12626 | -7/Garrison | Triggered checkpoint 12643 | -7/Garrison | Entered Factory 12643 | -6/Factory | Accompanied by 1 ally 12643 | -6/Factory | Evolved 2 slots: Power x1, Utility x1 12993 | -6/Factory | First assault squad dispatched 13144 | -6/Factory | Identified exit to Garrison 13144 | -6/Factory | Entered Garrison 13146 | -6/Garrison | Triggered checkpoint 13173 | -6/Garrison | Spotted Striker 13173 | -6/Garrison | Spotted Striker 13201 | -6/Garrison | Destroyed Striker 13206 | -6/Garrison | Destroyed Striker 13256 | -6/Garrison | Triggered checkpoint 13400 | -6/Garrison | Spotted B-75 Beast 13405 | -6/Garrison | Assimilated Beast 5a with formatsys_high 13426 | -6/Garrison | Found Fusion Bomb Launcher 13486 | -6/Garrison | Triggered checkpoint 13494 | -6/Garrison | Triggered checkpoint 13550 | -6/Garrison | Triggered checkpoint 13619 | -6/Garrison | Discovered new exit (range 10) 13694 | -6/Garrison | Triggered checkpoint 13777 | -6/Garrison | Destroyed 8 combat bots 14004 | -6/Garrison | Triggered checkpoint 14076 | -6/Garrison | Discovered new exit (range 10) 14103 | -6/Garrison | Expanded RIF knowledge: Signal Jamming 14187 | -6/Garrison | Rescued a captive Derelict 14188 | -6/Garrison | Rescued a captive Derelict 14276 | -6/Garrison | Garrison Relay disabled 14331 | -6/Garrison | Build established: Commander-Mutant 14457 | -6/Garrison | Discovered new exit (range 9) 14471 | -6/Garrison | Found embedded Infiltrators 14480 | -6/Garrison | Triggered checkpoint 14549 | -6/Garrison | Garrison Relay disabled 14633 | -6/Garrison | System corruption reached 10% 14636 | -6/Garrison | Entered Factory 14636 | -6/Factory | Accompanied by 9 allies 14837 | -6/Factory | Build established: Botlord-Mutant 14986 | -6/Factory | First assault squad dispatched 15065 | -6/Factory | Garrison activated, responded to threat 15102 | -6/Factory | Discovered new exit (range 15) 15115 | -6/Factory | Identified exit to Garrison 15115 | -6/Factory | Entered Garrison 15115 | -6/Garrison | Accompanied by 6 allies 15122 | -6/Garrison | Triggered checkpoint 15403 | -6/Garrison | Garrison Relay disabled 15438 | -6/Garrison | Triggered checkpoint 15511 | -6/Garrison | Garrison Relay disabled 15590 | -6/Garrison | Triggered checkpoint 15626 | -6/Garrison | Triggered checkpoint 15730 | -6/Garrison | Triggered checkpoint 15748 | -6/Garrison | Garrison Relay disabled 15786 | -6/Garrison | Triggered checkpoint 15804 | -6/Garrison | Discovered new exit (range 12) 15970 | -6/Garrison | Triggered checkpoint 16002 | -6/Garrison | Triggered checkpoint 16054 | -6/Garrison | Triggered checkpoint 16120 | -6/Garrison | Rescued a captive Derelict 16121 | -6/Garrison | Rescued a captive Derelict 16216 | -6/Garrison | Phase Generator disabled 16230 | -6/Garrison | Discovered new exit (range 7) 16248 | -6/Garrison | Garrison Relay disabled 16249 | -6/Garrison | Garrison Relay disabled 16251 | -6/Garrison | Garrison Relay disabled 16253 | -6/Garrison | Garrison Relay disabled 16259 | -6/Garrison | P-60 Hacker assimilated allied 0T-S0S(g) 16483 | -6/Garrison | Discovered new exit (range 14) 16658 | -6/Garrison | Triggered checkpoint 16687 | -6/Garrison | Garrison Relay disabled 16699 | -6/Garrison | Found embedded Infiltrators 16716 | -6/Garrison | Expanded RIF knowledge: Code Merge 16870 | -6/Garrison | Garrison Relay disabled 17008 | -6/Garrison | Entered Factory 17008 | -5/Factory | Accompanied by 8 allies 17008 | -5/Factory | Evolved 2 slots: Propulsion x1, Utility x1 17109 | -5/Factory | Identified exit to Garrison 17437 | -5/Factory | Entered Garrison 17437 | -5/Garrison | Accompanied by 5 allies 17478 | -5/Garrison | Expanded RIF knowledge: Command Fork 17553 | -5/Garrison | Garrison Relay disabled 17627 | -5/Garrison | Spotted B-75 Beast 17629 | -5/Garrison | Autoassimilated Beast 6a with RIF 17634 | -5/Garrison | P-70 Sage assimilated allied Soldier 6b 17635 | -5/Garrison | Triggered checkpoint 17637 | -5/Garrison | Triggered checkpoint 17640 | -5/Garrison | Triggered checkpoint 17711 | -5/Garrison | Found embedded Infiltrators 17728 | -5/Garrison | Triggered checkpoint 17762 | -5/Garrison | Garrison Relay disabled 17788 | -5/Garrison | Garrison Relay disabled 17891 | -5/Garrison | Discovered new exit (range 14) 18086 | -5/Garrison | Triggered checkpoint 18094 | -5/Garrison | Garrison Relay disabled 18216 | -5/Garrison | Garrison Relay disabled 18242 | -5/Garrison | Triggered checkpoint 18360 | -5/Garrison | Discovered new exit (range 2) 18396 | -5/Garrison | Rescued a captive Derelict 18397 | -5/Garrison | Rescued a captive Derelict 18427 | -5/Garrison | Spotted B-75 Beast 18432 | -5/Garrison | Assimilated Beast 6b with formatsys_high 18644 | -5/Garrison | Entered Factory 18644 | -4/Factory | Accompanied by 15 allies 18644 | -4/Factory | Evolved 2 slots: Propulsion x1, Utility x1 18676 | -4/Factory | Discovered new exit (range 12) 18894 | -4/Factory | First assault squad dispatched 19018 | -4/Factory | Discovered new exit (range 6) 19054 | -4/Factory | Entered Extension 19054 | -4/Extension | Accompanied by 5 allies 19147 | -4/Extension | Rescued a captive Derelict 19148 | -4/Extension | Rescued a captive Derelict 19234 | -4/Extension | Rescued a captive Derelict 19240 | -4/Extension | Rescued a captive Derelict 19319 | -4/Extension | Rescued a captive Derelict 19472 | -4/Extension | Rescued A7 19722 | -4/Extension | Build established: Commander-Mutant 19885 | -4/Extension | Spotted B-86 Titan 19886 | -4/Extension | Destroyed B-86 Titan 19898 | -4/Extension | Spotted B-86 Titan 19916 | -4/Extension | Allies destroyed B-86 Titan 20126 | -4/Extension | Rescued a captive Derelict 20127 | -4/Extension | Rescued a captive Derelict 20433 | -4/Extension | Discovered new exit (range 16) 20435 | -4/Extension | Discovered new exit (range 15) 20497 | -4/Extension | Entered Cetus 20497 | -4/Cetus | Accompanied by 30 allies (A7) 20502 | -4/Cetus | Acquired a Cetus Manufacturing Module code from A7 20511 | -4/Cetus | Spotted Cetus Guard 20511 | -4/Cetus | Spotted Cetus Guard 20513 | -4/Cetus | Spotted Cetus Guard 20513 | -4/Cetus | Spotted Cetus Guard 20520 | -4/Cetus | Allies destroyed Cetus Guard 20525 | -4/Cetus | Allies destroyed Cetus Guard 20527 | -4/Cetus | Allies destroyed Cetus Guard 20527 | -4/Cetus | Allies destroyed Cetus Guard 20567 | -4/Cetus | Cetus Manufacturing Module disabled 20618 | -4/Cetus | Escorted A7 to Cetus Mainframe 20644 | -4/Cetus | Discovered new exit (range 15) 20674 | -4/Cetus | Entered Archives 20674 | -4/Archives | Accompanied by 22 allies (A7) 20679 | -4/Archives | Received a hacking code to weaken MAIN.C 20756 | -4/Archives | Discovered new exit (range 16) 21293 | -4/Archives | Entered Hub_04(d) 21293 | -4/Hub_04(d) | Accompanied by 17 allies 21523 | -4/Hub_04(d) | Identified exit to Garrison 21626 | -4/Hub_04(d) | Discovered new exit (range 15) 21742 | -4/Hub_04(d) | Discovered new exit (range 15) 21753 | -4/Hub_04(d) | Spotted B-86 Titan 21756 | -4/Hub_04(d) | Build established: Botlord-Mutant 21769 | -4/Hub_04(d) | Allies destroyed B-86 Titan 21929 | -4/Hub_04(d) | Network Hub disabled 21966 | -4/Hub_04(d) | Spotted Lightning 21986 | -4/Hub_04(d) | Spotted Lightning 21986 | -4/Hub_04(d) | Spotted Lightning 22016 | -4/Hub_04(d) | System corruption reached 10% 22027 | -4/Hub_04(d) | Destroyed Lightning 22045 | -4/Hub_04(d) | Core integrity fell below 50% 22049 | -4/Hub_04(d) | Destroyed Lightning 22068 | -4/Hub_04(d) | Lost 7 parts (3n3u1w) 22070 | -4/Hub_04(d) | Destroyed 7 combat bots 22070 | -4/Hub_04(d) | Destroyed Lightning 22079 | -4/Hub_04(d) | Found Prototype Energy Cannon 22082 | -4/Hub_04(d) | Found Prototype Device 22082 | -4/Hub_04(d) | Identified Exp. Phase Shifter 22086 | -4/Hub_04(d) | Found Prototype Processor 22086 | -4/Hub_04(d) | Identified Exp. Targeting Computer 22100 | -4/Hub_04(d) | Found Prototype Device 22100 | -4/Hub_04(d) | Identified Exp. EM Disruption Field 22125 | -4/Hub_04(d) | Found Exp. Phase Shifter 22277 | -4/Hub_04(d) | Spotted Lightning 22280 | -4/Hub_04(d) | Spotted Lightning 22295 | -4/Hub_04(d) | Destroyed Lightning 22298 | -4/Hub_04(d) | Spotted Lightning 22345 | -4/Hub_04(d) | Garrison activated, responded to threat 22349 | -4/Hub_04(d) | Destroyed Lightning 22385 | -4/Hub_04(d) | Build established: Scavenger-Mutant 22433 | -4/Hub_04(d) | Destroyed Lightning 22448 | -4/Hub_04(d) | Found Prototype Energy Cannon 22456 | -4/Hub_04(d) | Found Exp. Phase Shifter 22483 | -4/Hub_04(d) | Found Exp. Targeting Computer 22506 | -4/Hub_04(d) | Found Prototype Energy Cannon 22506 | -4/Hub_04(d) | Identified EMDS (x3) 22531 | -4/Hub_04(d) | Entered Garrison 22588 | -4/Garrison | Expanded RIF knowledge: Command Fork 22647 | -4/Garrison | Spotted B-86 Titan 22688 | -4/Garrison | Destroyed B-86 Titan 22764 | -4/Garrison | Triggered checkpoint 22768 | -4/Garrison | Triggered checkpoint 22834 | -4/Garrison | Found Fusion Bomb Launcher 22836 | -4/Garrison | Found Fusion Bomb Launcher 22860 | -4/Garrison | Found Antimissile System 22883 | -4/Garrison | Spotted B-86 Titan 22888 | -4/Garrison | Destroyed B-86 Titan 23070 | -4/Garrison | Garrison Relay disabled 23090 | -4/Garrison | Triggered checkpoint 23134 | -4/Garrison | Discovered new exit (range 9) 23292 | -4/Garrison | Triggered checkpoint 23437 | -4/Garrison | Garrison Relay disabled 23477 | -4/Garrison | Discovered new exit (range 14) 23498 | -4/Garrison | Spotted Executioner 23622 | -4/Garrison | Triggered checkpoint 23672 | -4/Garrison | Spotted B-86 Titan 23681 | -4/Garrison | Destroyed B-86 Titan 23742 | -4/Garrison | Build established: Botlord-Mutant 23824 | -4/Garrison | Discovered new exit (range 12) 23846 | -4/Garrison | Triggered checkpoint 23943 | -4/Garrison | Garrison Relay disabled 23965 | -4/Garrison | Garrison Relay disabled 24168 | -4/Garrison | Triggered checkpoint 24171 | -4/Garrison | Garrison Relay disabled 24362 | -4/Garrison | Entered Research 24362 | -3/Research | Accompanied by 2 allies 24362 | -3/Research | Evolved 2 slots: Utility x2 24507 | -3/Research | Discovered new exit (range 5) 24609 | -3/Research | Entered Testing 24609 | -3/Testing | Accompanied by 4 allies 24610 | -3/Testing | Maximum security lockdown engaged 24786 | -3/Testing | Destroyed 28 combat bots 24828 | -3/Testing | Spotted Investigator 24829 | -3/Testing | Scanned by Researcher 24835 | -3/Testing | Spotted Executioner 24835 | -3/Testing | Spotted Striker 24836 | -3/Testing | Spotted Executioner 24844 | -3/Testing | Destroyed Investigator 24885 | -3/Testing | Destroyed 20 combat bots 24887 | -3/Testing | Destroyed Executioner 24892 | -3/Testing | Released all parts (10) 24920 | -3/Testing | Lost 12 parts (2p3n3u4w) 24924 | -3/Testing | Core integrity fell below 50% 24950 | -3/Testing | Assimilated Executioner with FLK Orb 24984 | -3/Testing | Spotted Executioner 24987 | -3/Testing | Destroyed Executioner 24994 | -3/Testing | Core integrity fell below 20% 25004 | -3/Testing | Destroyed by G-67 Veteran with Plasma Rifle Last Messages --------------- 24998_ P-80 Master resets Executioner, system corruption cleaned. 24999_ Fusion Bomb intercepted. 24999_ Enh. Biometal Leg destroyed. 25000_ The unstable cave ceiling collapses. 25000_ G-67 Veteran crushed by falling debris. 25000_ Executioner destroyed. 25001_ Destroyed Com. Wheel. 25001_ I-47 Archangel destroyed. 25001_ B-74 Champion destroyed. 25001_ Destroyed Plasma Rifle. 25001_ Destroyed Sml. Battery. 25001_ Fusion Bomb Launcher destroyed. 25002_ The unstable cave ceiling collapses. 25002_ G-67 Veteran crushed by falling debris. 25002_ G-67 Veteran destroyed. 25002_ The unstable cave ceiling collapses. 25003_ P-80 Master resets G-67 Veteran, system corruption cleaned. 25004_ The unstable cave ceiling collapses. 25004_ G-67 Veteran crushed by falling debris. 25004_ G-67 Veteran destroyed. Map ----- +----------------------------------------------------+ | | | | | | | | | | | | | | | | | | | | | | | | | ?????????????????????# ?# ### # ##????????? | | ????????????????????## # # # # #????????? | | ????????????????????# # #????????? | | ?????????????????#### = # ###??????? | | ?????????????????# ; %%% %%" ??????? | | ?????????????????# ; # #%i% # #????????? | | ??????????????#### ## g gg%g # #??#+#???? | | ??????????????# ! l b % !!= #?? #???? | | ???????????????###### ]lp! # # ] #???? | | ??????????????####### ;! = gp # #???? | | ????????????###"""" p # # #???? | | ????????????" " "##### #???? | | ???????????#" " ""#??##% #??? | | ???????????# "#??# # @ [% # #? | | ???????????#" ""#?# # ### = # | | ???????????# ## # ; # ##T";## # ! | | ???????????####+###"# ; #### ";#" " ## | | ???????????# ### ; #?# | | ???????????# #? ; #?# % | | ???????????# ## ### #?# = ! % | | ???????????# ##;###+### [ %* % | | ???????????###" # " "###!#%%! # # ## | | ????????????? # # " ##?####[%| * | | ??????????????# # """" # #??????!=! % # | | ??????????????# + """" # #?????? ! | | ??????????????# # """"" # #?????? | | ??????????##### # """" # #?????? ] | | ??????????#"#"# # # #?????? | | ??????????# # # # #?????? " | | ??????????# !" # ! # #?????? # | | ???????#### [ ########## #??????? ? | | ????#### ^ #???????? ???? | | ??+ ^ #???????????????? | | ??# """ ! #???????????????? | | ??## ### """ #???????????????? | | ???????# """ #####+######+####???????????????? | | ???????# """ #?? #?? ?????????????????? | | ???????#^ """ ## T # """ """ ???????????????? | +----------------------------------------------------+ Best States ------------- Heat Dissipation 198 Energy Generation 57 Energy Capacity 600 Matter Stores 300 Matter Capacity 300 Sight Range 16 Terrain Scan Density 10 Jamming Range 16 Power Amplification 30 Armor Coverage 1200 Resistance: TH 10 Resistance: EM 75 Core Shielding 20 Phase Shifting 20 Evasion (%) 60 Targeting Accuracy 24 Core Analysis 8 Recoil Reduction 6 Offensive Hacking 10 Defensive Hacking 12 Relay Coupler Types 5 Relay Coupler Value 297 Item Schematics ----------------- None Robot Schematics ------------------ None Fabricated ------------ Nothing Alien Tech Used ----------------- None Achievements -------------- None Challenges ------------ None Game ------ Seed GatlingSkeletonSteel Manual? 0 Play Time 03:00:08 Cumulative 336.1 hours Start 2023.05.08 @ 12:19:47 End 2023.05.09 @ 12:15:22 Sessions 9 Manual Loads 0 Difficulty Rogue Special Mode None Game No. 354 Rogue 354 Adventurer 0 Explorer 0 Win Type - Total 28 Types 16/3/3/1/2/0/3/0/0 Lore% 86 Gallery% 86 Achievement% 82 Wizard Run 0 Options --------- ASCII 0 Keyboard 0 Movement Arrows Keybinds 0 Fullscreen 2 Font 24/Smallcaps Map View 76x50 Tactical HUD 1 Map Filters NONE Filters NONE Steam 1 RUN: c1b489da-e44a-45ae-98da-69a1cd78deb5